[Event "Team 45 45 League T38"]
[Site "Internet Chess Club"]
[Date "2008.08.29"]
[Round "6"]
[White "civilization"]
[Black "klutzer"]
[Result "1/2-1/2"]
[WhiteElo "1607"]
[BlackElo "1603"]
[Opening "Sicilian: Alapin's variation (2.c3)"]
[ECO "B22"]
[Time "21:06:02"]
[TimeControl "2700+45"]

1. e4 c5 2. c3 d5 3. exd5 Qxd5 4. d4 Nf6 5. Nf3 e6 6. Bf4 Qe4+ 7. Be3 cxd4 8.
Qxd4 Qxd4 9. Bxd4 Nc6 10. Bb5 Bd7 11. O-O Be7 12. Nbd2 O-O 13. Be3 a6 14. Ba4 b5
15. Bc2 Rfd8 16. Ne4 Nd5 17. Bc5 Rac8 18. Nd6 Rb8 19. Ne4 Be8 20. Rad1 Na5 21.
Bxe7 Nxe7 22. Nc5 Nd5 23. Nxa6 Ra8 24. Nc5 Nc4 25. b3 Nd6 26. a4 Nxc3 27. Rd3
Ne2+ 28. Kh1 Nf4 29. Rd4 Nd5 30. Rfd1 bxa4 31. Nxa4 Bxa4 32. bxa4 Rdb8 33. g3 g6
34. Ne5 Rb2 35. R1d2 Nb7 36. Nd3 Ra2 37. Nb4 Nxb4 38. Rxb4 Nc5 39. Rc4 Nxa4 40.
Rc7 Nb6 41. Rd6 Nd5 42. Rcc6 Rb2 43. Be4 Raa2 44. Bxd5 exd5 45. Rxd5 Rxf2 46.
Kg1 Rg2+ 47. Kf1 Rxh2 48. Kg1 Rhb2 49. Rd1 Rg2+ 50. Kf1 Rxg3 51. Rc8+ Kg7 52.
Rc7 Rf3+ 53. Kg1 h5 54. Rdd7 h4 55. Re7 h3 56. Rc1 Rg2+ 57. Kh1 g5 58. Re5 f6
59. Re7+ Kg6 60. Re8 g4 61. Rg8+ Kf7 62. Rc7+ Kxg8 63. Rg7+ Kf8 64. Rf7+ Ke8 65.
Re7+ Kd8 66. Rd7+ Kxd7 {White stalemated} 1/2-1/2

[Event "Team 45 45 League T38"]
[Site "Internet Chess Club"]
[Date "2008.09.01"]
[Round "6"]
[White "Archdruid"]
[Black "jordifp"]
[Result "1-0"]
[WhiteElo "1821"]
[BlackElo "1547"]
[Opening "Sicilian: Smith-Morra gambit"]
[ECO "B21"]
[Time "11:01:16"]
[TimeControl "2700+45"]

1. e4 c5 2. d4 cxd4 3. c3 dxc3 4. Nxc3 Nc6 5. Nf3 e5 6. Bc4 Be7 7. Qb3 Na5 8.
Bxf7+ Kf8 9. Qd5 Nf6 10. Qxe5 Kxf7 11. Ng5+ Kf8 12. O-O Nc6 13. Qf4 h6 14. Nf3
Kg8 15. e5 Nh5 16. Qg4 Qe8 17. Nd5 Qf7 18. Nxe7+ Nxe7 19. Bd2 d6 20. Qh4 Nf4 21.
Qxf4 Qxf4 22. Bxf4 dxe5 23. Nxe5 Kh7 24. Rac1 Nd5 25. Bg3 Bf5 26. Rfd1 Rhd8 27.
h3 Nf6 28. Kh2 a6 29. a3 Ne4 30. Rxd8 Rxd8 31. Rc7 Nxg3 32. Kxg3 Re8 33. Nf7 Rb8
34. Nd6 Bg6 35. Rxb7 Rxb7 36. Nxb7 Bd3 37. Nc5 Be2 38. b4 Kg6 39. f3 Kf5 40. Kf2
Bc4 41. Ne4 Ke5 42. h4 Kd4 43. g4 Ke5 44. Ke3 Bf1 45. f4+ Kd5 46. g5 Bg2 47. Nd2
Bh3 48. gxh6 gxh6 49. a4 Bd7 50. a5 Ke6 51. Ne4 Kf5 52. Nf2 Bc6 53. Nd3 Bb5 54.
Ne5 Bf1 55. Kf3 Bb5 56. Kg3 Be2 57. Nd7 Bf1 58. Nb6 Bc4 {Black resigns} 1-0

[Event "Team 45 45 League T38"]
[Site "Internet Chess Club"]
[Date "2008.09.01"]
[Round "6"]
[White "lafuga3"]
[Black "rayngrant"]
[Result "1-0"]
[WhiteElo "1631"]
[BlackElo "1550"]
[Opening "Queen's pawn game"]
[ECO "A45"]
[Time "15:00:18"]
[TimeControl "2700+45"]

1. d4 Nf6 2. e3 g6 3. Bd3 Bg7 4. f4 d5 5. Nd2 Bg4 6. Ngf3 O-O 7. O-O Nc6 8. c3
Qd7 9. Qe1 Bf5 10. Bxf5 Qxf5 11. Ne5 Nd8 12. Qh4 Qh5 13. Qxh5 Nxh5 14. g4 Nf6
15. b3 c6 16. a4 a5 17. Ba3 Re8 18. c4 Ne6 19. Rac1 Nc7 20. cxd5 Nfxd5 21. Rf3
Na6 22. e4 Ndb4 23. Bb2 Rad8 24. Ndc4 c5 25. d5 Nc7 26. Nxa5 b6 27. Nac4 b5 28.
axb5 Nxb5 29. Nd3 Nxd3 30. Rxd3 Bxb2 31. Nxb2 Rc8 32. Na4 Nd4 33. Kf2 Rb8 34.
Nxc5 {Black resigns} 1-0

[Event "Team 45 45 League T38"]
[Site "Internet Chess Club"]
[Date "2008.08.28"]
[Round "6"]
[White "Camalleo"]
[Black "Fidelian"]
[Result "1-0"]
[WhiteElo "1598"]
[BlackElo "1325"]
[Opening "Philidor's defense"]
[ECO "C41"]
[Time "12:03:53"]
[TimeControl "2700+45"]

1. e4 e5 2. Nf3 d6 3. Nc3 Be6 4. d4 Bg4 5. dxe5 Bxf3 6. Qxf3 dxe5 7. Bc4 Nf6 8.
Be3 Bb4 9. O-O Bxc3 10. bxc3 Nbd7 11. Rab1 b6 12. Rfd1 Qe7 13. Bb3 Rd8 14. h4
O-O 15. g4 Nc5 16. Bxc5 Qxc5 17. Rxd8 Rxd8 18. g5 Rd6 19. Kg2 Qc6 20. Re1 a5 21.
Re3 a4 22. gxf6 Rxf6 23. Qh3 Rg6+ 24. Kh2 h6 25. Qc8+ Kh7 26. Bxf7 Rf6 27. Qg8#
{Black checkmated} 1-0

[Event "Team 45 45 League T38"]
[Site "Internet Chess Club"]
[Date "2008.08.27"]
[Round "6"]
[White "BrooklynDonnie"]
[Black "decox"]
[Result "1-0"]
[WhiteElo "2173"]
[BlackElo "2032"]
[Opening "Sicilian: Grand Prix attack"]
[ECO "B23"]
[Time "18:38:00"]
[TimeControl "2700+45"]

1. e4 c5 2. Nc3 Nc6 3. f4 g6 4. Nf3 Bg7 5. Bb5 Nd4 6. O-O Nxb5 7. Nxb5 a6 8. Nc3
d6 9. d3 b5 10. Kh1 Bb7 11. Qe1 Qd7 12. a4 b4 13. Nd5 Bxd5 14. exd5 Nf6 15. d4
O-O 16. dxc5 Nxd5 17. cxd6 Qxd6 18. Ne5 Rac8 19. Qe4 Nf6 20. Qe2 a5 21. Be3 Qc7
22. Rac1 Nd7 23. c3 Nxe5 24. cxb4 Nc6 25. b5 Nd4 26. Rxc7 Nxe2 27. Rxe7 Bxb2 28.
b6 Ba3 29. Rd7 Rc2 30. b7 Bc5 31. Rc7 Bxe3 32. Rxc2 Nxf4 33. Rc8 {Black resigns}
1-0

[Event "Team 45 45 League T38"]
[Site "Internet Chess Club"]
[Date "2008.09.02"]
[Round "6"]
[White "MrShaw"]
[Black "fishhead"]
[Result "1-0"]
[WhiteElo "1936"]
[BlackElo "1923"]
[Opening "Alekhine's defense: Scandinavian variation"]
[ECO "B02"]
[Time "14:05:41"]
[TimeControl "2700+45"]

1. e4 Nf6 2. Nc3 d5 3. e5 d4 4. exf6 dxc3 5. fxg7 cxd2+ 6. Bxd2 Bxg7 7. c3 c6 8.
Nf3 Qc7 9. Bc4 Bf5 10. O-O Nd7 11. Ng5 Bg6 12. Qb3 O-O 13. Be3 Ne5 14. Be2 c5
15. f4 c4 16. Qa4 Bd3 17. Rae1 Bxe2 18. Rxe2 Ng4 19. Qc2 Nf6 20. Bd4 Rfe8 21.
Bxf6 exf6 22. Qxh7+ Kf8 23. Ne4 Qb6+ 24. Kh1 Rad8 25. h4 Rd5 26. Rfe1 Re6 27. f5
Ree5 28. Ng3 Rxe2 29. Rxe2 Qd6 30. Re3 Rd1+ 31. Kh2 Rd3 32. Rf3 Rxf3 33. gxf3
Qf4 34. Kg2 Qd2+ 35. Kh3 Qf4 36. Qxg7+ Ke7 37. Qg4 Qc7 38. Qe4+ Kf8 39. Nh5 Qb6
40. Qd4 Qc7 41. Kg4 b5 42. Qxf6 a5 43. Qd4 b4 44. Qf4 Qc5 45. Qd4 Qc7 46. Nf6
bxc3 47. bxc3 a4 48. h5 a3 49. Qc5+ Qxc5 50. Nd7+ Kg7 51. Nxc5 f6 52. Ne6+ Kh7
53. Nd4 {Black resigns} 1-0

[Event "Team 45 45 League T38"]
[Site "Internet Chess Club"]
[Date "2008.08.31"]
[Round "6"]
[White "pishd"]
[Black "dalfonso"]
[Result "1/2-1/2"]
[WhiteElo "1807"]
[BlackElo "1885"]
[Opening "Trompowsky attack (Ruth, Opocenský opening)"]
[ECO "A45"]
[Time "10:07:25"]
[TimeControl "2700+45"]

1. d4 Nf6 2. Bg5 h6 3. Bh4 e6 4. Nd2 c5 5. e3 Be7 6. c3 b6 7. Bd3 Bb7 8. Ngf3
cxd4 9. cxd4 d6 10. Rc1 Nbd7 11. O-O O-O 12. Re1 Rc8 13. Qe2 e5 14. e4 Re8 15.
d5 Nc5 16. Bb5 Ncd7 17. Bxf6 Bxf6 18. Nf1 Qe7 19. Ne3 g6 20. Nc2 Rc7 21. Nb4
Rec8 22. Rxc7 Rxc7 23. Qe3 Bg7 24. Rc1 Nb8 25. Rc3 a6 26. Nc6 Bxc6 27. Bxc6 Nxc6
28. dxc6 b5 29. Qb6 d5 30. Nd2 d4 31. Rc2 f5 32. Qxa6 d3 33. Rc3 fxe4 34. Nxe4
Qb4 35. f3 Qd4+ 36. Nf2 d2 37. Kf1 d1=Q+ 38. Nxd1 Qxd1+ 39. Kf2 Qd2+ 40. Kg3
Qxb2 41. Rb3 Qd4 42. Qxb5 Qf4+ 43. Kf2 e4 44. Qd5+ Qf7 45. Rb8+ Bf8 46. Qxe4
Qxa2+ 47. Kg3 Qf7 48. h4 Kg7 49. Qe5+ Kg8 50. Qe4 Re7 51. Qa4 Kh7 52. Qa8 Ra7
53. Qxa7 Qxa7 54. Rb7+ Qxb7 55. cxb7 Bd6+ 56. Kh3 Kg7 57. h5 g5 58. Kg4 Kf6 59.
g3 Ke6 60. f4 Kf6 61. fxg5+ hxg5 62. h6 Kg6 63. h7 Kxh7 64. Kxg5 Bxg3 {Game
drawn by mutual agreement} 1/2-1/2

[Event "Team 45 45 League T38"]
[Site "Internet Chess Club"]
[Date "2008.08.30"]
[Round "6"]
[White "alexdb"]
[Black "trophyking"]
[Result "0-1"]
[WhiteElo "2021"]
[BlackElo "2277"]
[Opening "Ruy Lopez: Berlin defense"]
[ECO "C65"]
[Time "22:37:57"]
[TimeControl "2700+45"]

1. e4 e5 2. Nf3 Nc6 3. Bb5 Nf6 4. Qe2 Bc5 5. c3 O-O 6. O-O d6 7. d3 Bb6 8. Be3
Ne7 9. Nbd2 Ng6 10. h3 Nh5 11. Nc4 Bxe3 12. Nxe3 Nhf4 13. Qd2 Qf6 14. Qd1 c6 15.
Bc4 Ne7 16. d4 exd4 17. Nxd4 Qg6 18. Bd3 Nxh3+ 19. Kh2 Nxf2 20. Rxf2 Qh6+ 21.
Kg1 Qxe3 22. Qf1 Ng6 23. Re1 Qg5 24. Nf5 Bxf5 25. Rxf5 Qe7 26. Bc4 Ne5 27. Bb3
b5 28. Re3 a5 29. a3 Rab8 30. Rh3 h6 31. Qe1 a4 32. Ba2 Nc4 33. Qe2 d5 34. Bb1
Nd6 35. Rf4 dxe4 36. Bxe4 Rbe8 37. Re3 Nxe4 38. Rfxe4 Qc5 39. Kf1 Rxe4 40. Rxe4
Qd5 41. Rd4 Qg5 42. Rg4 Qc1+ 43. Kf2 Rd8 44. Kg3 Qd1 45. Qe4 Qd3+ 46. Kf4 g5+
47. Kf5 Qd7+ 48. Kf6 Qd6+ 49. Kf5 Qg6+ 50. Ke5 Qe6# {White checkmated} 0-1

[Event "Team 45 45 League T38"]
[Site "Internet Chess Club"]
[Date "2008.08.29"]
[Round "6"]
[White "FriedEggs"]
[Black "zachi"]
[Result "1-0"]
[WhiteElo "1916"]
[BlackElo "1949"]
[Opening "QGD Slav: 4.Nc3"]
[ECO "D15"]
[Time "23:00:11"]
[TimeControl "2700+45"]

1. d4 d5 2. c4 c6 3. Nc3 Nf6 4. Nf3 a6 5. c5 Nbd7 6. Bf4 Nh5 7. Bd2 Qc7 8. e4
dxe4 9. Ng5 g6 10. Bc4 e6 11. Ngxe4 f5 12. Ng5 Ndf6 13. Qe2 Ng7 14. O-O Be7 15.
Bxe6 Nxe6 16. Nxe6 Bxe6 17. Qxe6 Rd8 18. Rfe1 Kf8 19. Bh6+ {Black resigns} 1-0

[Event "Team 45 45 League T38"]
[Site "Internet Chess Club"]
[Date "2008.08.31"]
[Round "6"]
[White "Wheels"]
[Black "Emrebey"]
[Result "1-0"]
[WhiteElo "1924"]
[BlackElo "1606"]
[Opening "Sicilian: Grand Prix attack"]
[ECO "B23"]
[Time "13:29:34"]
[TimeControl "2700+45"]

1. e4 c5 2. Nc3 Nc6 3. f4 g6 4. Nf3 Bg7 5. Bb5 Nf6 6. e5 Ng4 7. d3 O-O 8. O-O d6
9. h3 Nh6 10. exd6 Qxd6 11. Ne4 Qc7 12. c3 a6 13. Ba4 b5 14. Bc2 Qb6 15. Be3 Qc7
16. Nxc5 Nf5 17. Qd2 b4 18. d4 bxc3 19. bxc3 Rd8 20. Rab1 Bh6 21. Bxf5 Bxf5 22.
Rb7 Qd6 23. Ne5 Nxe5 24. fxe5 Qxc5 25. Bxh6 Be4 26. Qf4 Qd5 27. Rxe7 Bf5 28. Qg5
Qc6 29. Rxf5 {Black resigns} 1-0

[Event "Team 45 45 League T38"]
[Site "Internet Chess Club"]
[Date "2008.08.31"]
[Round "6"]
[White "dmcheng"]
[Black "Fuzzie"]
[Result "0-1"]
[WhiteElo "1539"]
[BlackElo "1815"]
[Opening "Pirc defense"]
[ECO "B07"]
[Time "15:06:17"]
[TimeControl "2700+45"]

1. e4 d6 2. d4 Nf6 3. Nc3 g6 4. Be3 Bg7 5. Qd2 Ng4 6. Bg5 h6 7. Bh4 g5 8. Bg3
Nc6 9. f3 Nf6 10. Nge2 Bd7 11. h4 g4 12. h5 e5 13. Bf2 a6 14. Be3 b5 15. Nd1
exd4 16. Nxd4 Ne5 17. f4 Nxe4 18. Qc1 Ng3 19. Rg1 Nxf1 20. Rxf1 Nc4 21. c3 O-O
22. b3 Nxe3 23. Nxe3 Re8 24. Kd1 c5 25. Ndf5 Bxf5 26. Nxf5 Qf6 27. Nxg7 Kxg7 28.
g3 Re7 29. Re1 Rxe1+ 30. Kxe1 Re8+ 31. Kd2 Qe6 32. Qe1 Qd5+ 33. Kc2 Rxe1 34.
Rxe1 Qg2+ 35. Kb1 Qxg3 36. Rd1 Qxf4 {White resigns} 0-1

[Event "Team 45 45 League T38"]
[Site "Internet Chess Club"]
[Date "2008.09.02"]
[Round "6"]
[White "cityprosecutor"]
[Black "GadsHill"]
[Result "1-0"]
[WhiteElo "1790"]
[BlackElo "1552"]
[Opening "Philidor: Improved Hanham variation"]
[ECO "B07"]
[Time "18:01:04"]
[TimeControl "2700+45"]

1. e4 d6 2. d4 Nf6 3. Nc3 Nbd7 4. Nf3 e5 5. dxe5 dxe5 6. Bc4 Be7 7. O-O O-O 8.
Re1 c6 9. Qe2 Qc7 10. a3 Nc5 11. h3 Ne6 12. Be3 Bc5 13. Bxc5 Nxc5 14. Kh2 Be6
15. b4 Bxc4 16. Qxc4 Ne6 17. g3 b5 18. Qe2 Rad8 19. Rad1 Rxd1 20. Rxd1 Rd8 21.
Rxd8+ Nxd8 22. a4 a6 23. Qd3 Nb7 24. a5 Qe7 25. Na2 Nd6 26. Nd2 Qe6 27. Nc1 h6
28. Ncb3 Nd7 29. Qe3 Nc4 30. Qa7 Nxd2 31. Nxd2 Qd6 32. Nb3 Nf6 33. Qxa6 Nxe4 34.
Qc8+ {Black resigns} 1-0

[Event "Team 45 45 League T38"]
[Site "Internet Chess Club"]
[Date "2008.08.29"]
[Round "6"]
[White "cysk"]
[Black "ElMarginal"]
[Result "1-0"]
[WhiteElo "1492"]
[BlackElo "1438"]
[Opening "Sicilian: closed"]
[ECO "B23"]
[Time "22:25:20"]
[TimeControl "2700+45"]

1. e4 c5 2. Nc3 d6 3. f4 Nc6 4. Bb5 Bd7 5. Bc4 e6 6. Nf3 Be7 7. O-O Nf6 8. d3
O-O 9. Qe1 Na5 10. a4 Nxc4 11. dxc4 Bc6 12. Bd2 d5 13. cxd5 exd5 14. exd5 Nxd5
15. Nxd5 Bxd5 16. Rd1 Bxf3 17. Rxf3 Re8 18. Re3 Qc7 19. Qe2 c4 20. Kh1 Kf8 21.
Re1 Rad8 22. Bb4 Rd7 23. Qh5 h6 24. Qg4 a5 25. Bc3 f6 26. Bxf6 gxf6 27. Rg3
{Black resigns} 1-0

[Event "Team 45 45 League T38"]
[Site "Internet Chess Club"]
[Date "2008.08.30"]
[Round "6"]
[White "Manch"]
[Black "SugarIslander"]
[Result "1/2-1/2"]
[WhiteElo "1555"]
[BlackElo "1667"]
[Opening "Grünfeld: modern exchange variation"]
[ECO "D85"]
[Time "14:00:16"]
[TimeControl "2700+45"]

1. d4 Nf6 2. c4 g6 3. Nc3 d5 4. cxd5 Nxd5 5. e4 Nxc3 6. bxc3 Bg7 7. Nf3 c5 8.
Rb1 Nc6 9. Be2 cxd4 10. cxd4 Nxd4 11. Nxd4 Bxd4 12. Bb5+ Kf8 13. O-O Be6 14.
Bh6+ Bg7 15. Bxg7+ Kxg7 16. a4 Qxd1 17. Rfxd1 Rhd8 18. Be2 Rxd1+ 19. Bxd1 b6 20.
h4 Rc8 21. Bb3 Bxb3 22. Rxb3 Rc4 23. Rd3 Rxa4 24. Rd7 e6 25. f3 Ra2 26. Kh2 b5
27. Rb7 a6 28. Kg3 h5 29. Kh3 Rb2 30. Rb6 a5 31. g4 hxg4+ 32. Kxg4 a4 33. h5
gxh5+ 34. Kxh5 a3 35. f4 b4 36. f5 exf5 37. exf5 Rh2+ 38. Kg5 Rg2+ 39. Kh5 f6
40. Rxb4 Rg5+ 41. Kh4 Rxf5 42. Ra4 Rf3 43. Kg4 Rb3 44. Kf5 Re3 45. Ra7+ Kh6 46.
Kxf6 Kh5 47. Ra5+ Kh4 48. Kf5 Kg3 49. Ra4 Kf3 50. Rf4+ Ke2 51. Ra4 Kd2 52. Kf4
Rb3 53. Ke4 {Game drawn by mutual agreement} 1/2-1/2

[Event "Team 45 45 League T38"]
[Site "Internet Chess Club"]
[Date "2008.08.28"]
[Round "6"]
[White "sdcohle"]
[Black "oldsj"]
[Result "0-1"]
[WhiteElo "1369"]
[BlackElo "1580"]
[Opening "King's Indian, 3.Nf3"]
[ECO "E61"]
[Time "20:00:11"]
[TimeControl "2700+45"]

1. d4 Nf6 2. c4 g6 3. Nf3 Bg7 4. Nc3 d6 5. e3 O-O 6. Be2 c5 7. O-O Nbd7 8. Qc2
Nb6 9. Rd1 Qe8 10. dxc5 dxc5 11. b3 Bf5 12. Bd3 Bg4 13. Be2 Rd8 14. Bb2 Nbd7 15.
Nb5 e5 16. e4 a6 17. Nd6 Qe7 18. Nxb7 Rc8 19. Rd3 Nb8 20. Nxe5 Bxe2 21. Qxe2
Qxb7 22. f3 Nh5 23. g4 Nf4 24. Qd2 Nxd3 25. Nxd3 Rcd8 26. Bxg7 Kxg7 27. Qc3+ Kg8
28. Nf4 Rd4 29. Nd5 Rd8 30. Qe3 Kg7 31. Qf4 Nd7 32. Qg5 f6 33. Nxf6 Nxf6 34. e5
Rd1+ 35. Rxd1 Rxd1+ 36. Kg2 Ne8 37. e6 Re1 38. Qxc5 Rxe6 39. Qd4+ Kg8 40. Kg3
Qe7 41. Qd5 Nf6 42. Qa8+ Kg7 43. g5 Nh5+ 44. Kg4 Qd7 45. f4 Re8+ 46. Kh4 Rxa8
47. f5 Qxf5 48. c5 Re8 49. c6 Re4# {White checkmated} 0-1

[Event "Team 45 45 League T38"]
[Site "Internet Chess Club"]
[Date "2008.08.30"]
[Round "6"]
[White "Berkshires"]
[Black "Toalla"]
[Result "1-0"]
[WhiteElo "1425"]
[BlackElo "1233"]
[Opening "Sicilian: Taimanov variation"]
[ECO "B45"]
[Time "12:38:17"]
[TimeControl "2700+45"]

1. e4 c5 2. Nf3 e6 3. d4 cxd4 4. Nxd4 Nc6 5. Nc3 h6 6. Be3 a6 7. Be2 Nge7 8. O-O
Qc7 9. Re1 d6 10. Nf3 Bd7 11. Qd2 O-O-O 12. a3 g5 13. Nd4 f5 14. Nxc6 Bxc6 15.
exf5 Nxf5 16. Bg4 Bd7 17. b4 Bg7 18. Ne4 Bc6 19. Bxf5 exf5 20. Nc3 Bxg2 21. Bd4
Be5 22. Kxg2 Qc6+ 23. Kg1 Rhe8 24. Rad1 Bf4 25. Qd3 Qd7 26. Nd5 Rxe1+ 27. Rxe1
Kb8 28. h3 Qf7 29. Ne3 Bxe3 30. Qxe3 f4 31. Ba7+ Ka8 32. Qd4 b5 33. Qb6 Qxa7 34.
Qxd8+ {Black resigns} 1-0

[Event "Team 45 45 League T38"]
[Site "Internet Chess Club"]
[Date "2008.08.29"]
[Round "6"]
[White "cappelo-upgrate"]
[Black "Ser-Enigma"]
[Result "1-0"]
[WhiteElo "2243"]
[BlackElo "2084"]
[Opening "Budapest: Adler variation"]
[ECO "A52"]
[Time "14:05:56"]
[TimeControl "2700+45"]

1. d4 Nf6 2. c4 e5 3. dxe5 Ng4 4. Nf3 Bc5 5. e3 Nc6 6. e6 dxe6 7. Qxd8+ Kxd8 8.
h3 Nge5 9. Nc3 Nxf3+ 10. gxf3 Nb4 11. Ke2 a5 12. Rg1 g6 13. f4 Ke7 14. a3 Nc6
15. Bd2 Rd8 16. Bg2 h5 17. Nb5 Rd7 18. Bc3 a4 19. Rad1 Na5 20. Rxd7+ Bxd7 21.
Nxc7 Rc8 22. Bxa5 b6 23. Na6 bxa5 24. Bb7 Bd6 25. c5 Bb5+ 26. Kf3 Rxc5 27. Nxc5
Bxc5 28. Rc1 Kd6 29. e4 Bd4 30. e5+ Ke7 31. Rc2 f5 32. Kg3 Bb6 33. Bc6 Bf1 34.
Bxa4 Kf7 35. b4 axb4 36. axb4 Bd8 37. h4 Bd3 38. Rc6 Be4 39. Rd6 Be7 40. Rd7 Kf8
41. b5 Bc5 42. Bb3 Ke8 43. Bxe6 Bb6 44. Rg7 Bd3 45. Bd7+ Kd8 46. Bc6 g5 47. Rxg5
{Black resigns} 1-0

[Event "Team 45 45 League T38"]
[Site "Internet Chess Club"]
[Date "2008.08.30"]
[Round "6"]
[White "JoshRom"]
[Black "proudchess"]
[Result "0-1"]
[WhiteElo "2037"]
[BlackElo "1894"]
[Opening "Sicilian defense"]
[ECO "B41"]
[Time "13:05:54"]
[TimeControl "2700+45"]

1. e4 c5 2. Nf3 e6 3. d4 cxd4 4. Nxd4 Qb6 5. Nc3 Bc5 6. Na4 Qa5+ 7. c3 Bxd4 8.
Qxd4 Nf6 9. f3 O-O 10. Be3 Nc6 11. Qd1 d5 12. b4 Qc7 13. Bg5 dxe4 14. Bxf6 gxf6
15. fxe4 Qe5 16. Qf3 Nxb4 17. O-O-O b5 18. cxb4 bxa4 19. Qg3+ Qxg3 20. hxg3 Bb7
21. Bd3 Rac8+ 22. Kb2 Rfd8 23. g4 e5 24. a3 Rd4 25. Bc2 Rcd8 26. Bxa4 Bxe4 27.
Rxd4 Rxd4 28. Rd1 Rxd1 29. Bxd1 Bxg2 30. a4 e4 31. Kc3 Kg7 32. b5 Kg6 33. a5 Kg5
34. Kd4 Kf4 35. b6 axb6 36. axb6 e3 37. Be2 Bb7 38. Kd3 Be4+ 39. Kd4 Bb7 40. Kd3
h6 41. Kd4 Ba8 42. Kd3 Bc6 43. Kd4 Be4 44. Ba6 Kf3 45. Bc4 Bb7 46. Kd3 Kf2
{White resigns} 0-1

[Event "Team 45 45 League T38"]
[Site "Internet Chess Club"]
[Date "2008.09.03"]
[Round "6"]
[White "alo"]
[Black "mcplayerus"]
[Result "1-0"]
[WhiteElo "1890"]
[BlackElo "1956"]
[Opening "Robatsch (modern) defense"]
[ECO "B06"]
[Time "15:00:07"]
[TimeControl "2700+45"]

1. e4 g6 2. Nf3 Bg7 3. d3 c5 4. Nbd2 Nc6 5. g3 e6 6. Bg2 Nge7 7. O-O b6 8. Re1
d6 9. c3 Bb7 10. Nf1 Qd7 11. Be3 Rd8 12. d4 cxd4 13. cxd4 d5 14. e5 O-O 15. Rc1
Rc8 16. Qd2 Rfe8 17. g4 Na5 18. b3 Rxc1 19. Rxc1 Rc8 20. Ng3 Rxc1+ 21. Qxc1 f5
22. gxf5 Nxf5 23. Nxf5 exf5 24. Bh6 Nc6 25. Bxg7 Kxg7 26. Qg5 Qe7 27. Qxe7+ Nxe7
28. Kf1 h6 29. h4 Bc8 30. Ke2 Bd7 31. Kd2 Kf7 32. Kc3 Ke6 33. Bf1 Nc6 34. Bd3
Nd8 35. Ba6 Nf7 36. Kb4 g5 37. hxg5 hxg5 38. Bd3 a5+ 39. Kc3 Ke7 40. a3 g4 41.
Nh4 Nh6 42. Ng6+ Kf7 43. Nf4 Be6 44. b4 Ng8 45. Bb5 Ne7 46. bxa5 bxa5 47. Kb3
Ng6 48. Be8+ Kxe8 49. Nxe6 Kd7 50. Nc5+ Kc6 51. Ka4 f4 52. Nd3 g3 53. fxg3 fxg3
54. Ne1 Nf4 55. Nf3 Ne6 56. Kxa5 g2 57. Kb4 g1=Q 58. Nxg1 Nxd4 59. a4 Ne6 60. a5
Kb7 61. Ne2 Ka6 62. Nc3 d4 63. Ne4 Nc7 64. Nc5+ Ka7 65. Kc4 Ne8 66. Kxd4 Kb8 67.
Kd5 Kc7 68. Ke6 Ng7+ 69. Kf6 Nh5+ 70. Kf7 Nf4 71. Ne6+ {Black resigns} 1-0

[Event "Team 45 45 League T38"]
[Site "Internet Chess Club"]
[Date "2008.09.02"]
[Round "6"]
[White "Razorbackchess"]
[Black "touchthis"]
[Result "0-1"]
[WhiteElo "1761"]
[BlackElo "1769"]
[Opening "QGD: Chigorin defense"]
[ECO "D07"]
[Time "23:30:14"]
[TimeControl "2700+45"]

1. d4 d5 2. c4 Nc6 3. Nf3 Bg4 4. cxd5 Bxf3 5. dxc6 Bxc6 6. Nc3 e6 7. e4 Nf6 8.
f3 Be7 9. Be3 O-O 10. Bc4 a6 11. a4 b6 12. O-O Bb7 13. Qb3 Rb8 14. Rad1 Qc8 15.
Qc2 c5 16. Qe2 Ra8 17. g4 Rd8 18. g5 Nh5 19. f4 g6 20. d5 exd5 21. Bxd5 Bxd5 22.
Nxd5 Qb7 23. f5 Rd6 24. f6 Bf8 25. Rf3 Rad8 26. Rdf1 Qd7 27. Qg2 Kh8 28. Rh3 Re6
29. Qf3 Qxa4 30. Rh4 Qb3 31. Qh3 Rxd5 32. exd5 Rxe3 33. Qc8 Rg3+ 34. Kh1 Qxd5+
{White resigns} 0-1

[Event "Team 45 45 League T38"]
[Site "Internet Chess Club"]
[Date "2008.09.01"]
[Round "6"]
[White "Campagnolo"]
[Black "kinghunter08"]
[Result "1-0"]
[WhiteElo "2064"]
[BlackElo "2103"]
[Opening "Alekhine's defense: modern, Larsen variation"]
[ECO "B04"]
[Time "19:00:08"]
[TimeControl "2700+45"]

1. e4 Nf6 2. e5 Nd5 3. d4 d6 4. Nf3 dxe5 5. Nxe5 g6 6. Bc4 Be6 7. Nc3 c6 8. Ne4
Bg7 9. Ng5 Bxe5 10. Nxe6 Qc8 11. dxe5 Qxe6 12. O-O Nd7 13. Re1 O-O-O 14. Qd4
N7b6 15. Bb3 Qf5 16. Qc5 e6 17. a4 Kb8 18. a5 Nd7 19. Qd6+ Nc7 20. Be3 Nxe5 21.
Bxa7+ Kxa7 22. Qxc7 Ng4 23. Qb6+ Kb8 24. a6 Rd7 {Black resigns} 1-0

[Event "Team 45 45 League T38"]
[Site "Internet Chess Club"]
[Date "2008.09.01"]
[Round "6"]
[White "DFME"]
[Black "Holm"]
[Result "1/2-1/2"]
[WhiteElo "2004"]
[BlackElo "1928"]
[Opening "Sicilian: accelerated fianchetto, exchange variation"]
[ECO "B34"]
[Time "15:00:17"]
[TimeControl "2700+45"]

1. e4 c5 2. Nf3 Nc6 3. d4 cxd4 4. Nxd4 g6 5. Nxc6 bxc6 6. Bc4 Nf6 7. Nc3 Qc7 8.
f3 Qb6 9. Qe2 Bg7 10. e5 Nd5 11. Nxd5 cxd5 12. Bxd5 Ba6 13. Qe4 Rb8 14. c3 Qc5
15. Be3 Qb5 16. Bc1 e6 17. Bb3 Bxe5 18. f4 Bf6 19. c4 Qb4+ 20. Bd2 Qd6 21. Rd1
Bb7 22. Qe2 Bh4+ 23. Kf1 Qe7 24. Qe5 O-O 25. Bc3 f6 26. Qd6 Qxd6 27. Rxd6 Bc6
28. Rxc6 dxc6 29. g3 {Game drawn by mutual agreement} 1/2-1/2

[Event "Team 45 45 League T38"]
[Site "Internet Chess Club"]
[Date "2008.08.28"]
[Round "6"]
[White "dnmuscg"]
[Black "Ehab"]
[Result "1-0"]
[WhiteElo "1950"]
[BlackElo "1763"]
[Opening "Scandinavian: Pytel-Wade variation"]
[ECO "B01"]
[Time "15:03:56"]
[TimeControl "2700+45"]

1. e4 d5 2. exd5 Qxd5 3. Nc3 Qd6 4. d4 Nf6 5. Bc4 a6 6. Nge2 Bg4 7. f3 Bd7 8.
Bf4 Qb4 9. Qd3 g6 10. Bxc7 Bf5 11. Bxf7+ Kxf7 12. Qd2 Qxb2 13. Rb1 Qxc2 14. Rxb7
Qxd2+ 15. Kxd2 Bh6+ 16. Nf4 Nc6 17. d5 Na5 18. Rb4 Bxf4+ 19. Rxf4 Nb7 20. g4
Rhc8 21. Be5 Rd8 22. Bxf6 exf6 23. gxf5 g5 24. Rc4 Nd6 25. Rc7+ Kg8 26. h4 Rac8
27. Rxc8 Rxc8 28. hxg5 fxg5 29. Rh5 Nc4+ 30. Ke2 Kg7 31. Rxg5+ Kh6 32. Ne4 Ne5
33. f6 Rc2+ 34. Kd1 Nxf3 35. Kxc2 Nxg5 36. Nxg5 Kg6 37. Nxh7 Kxh7 38. d6 {Black
resigns} 1-0

[Event "Team 45 45 League T38"]
[Site "Internet Chess Club"]
[Date "2008.09.02"]
[Round "6"]
[White "littleboo"]
[Black "Invicta-Knight"]
[Result "1-0"]
[WhiteElo "1498"]
[BlackElo "1491"]
[Opening "Scandinavian defense"]
[ECO "B01"]
[Time "13:00:08"]
[TimeControl "2700+45"]

1. e4 d5 2. exd5 Nf6 3. Nc3 Nxd5 4. Bc4 Be6 5. Qf3 c6 6. d4 g6 7. Nge2 Bg7 8.
Bd2 O-O 9. Bb3 a5 10. O-O b5 11. a4 b4 12. Ne4 Nc7 13. Bxe6 Nxe6 14. c3 Na6 15.
Be3 Rb8 16. Rab1 Qd5 17. Rfc1 c5 18. Nf6+ {Black resigns} 1-0

[Event "Team 45 45 League T38"]
[Site "Internet Chess Club"]
[Date "2008.08.29"]
[Round "6"]
[White "houseofcook"]
[Black "fuzzface"]
[Result "0-1"]
[WhiteElo "1371"]
[BlackElo "1336"]
[Opening "Old Benoni: Franco-Benoni defense"]
[ECO "B21"]
[Time "11:00:15"]
[TimeControl "2700+45"]

1. e4 c5 2. d4 e6 3. d5 exd5 4. exd5 d6 5. Nf3 h6 6. Nc3 Nf6 7. Bb5+ Bd7 8.
Bxd7+ Qxd7 9. O-O Be7 10. Re1 O-O 11. h3 Re8 12. Bf4 Na6 13. a3 Nc7 14. Qd3 Bf8
15. Nd2 g6 16. Nde4 Qf5 17. Nxf6+ Qxf6 18. Qd2 g5 19. Bh2 a6 20. Re2 Qd4 21. Rd1
Qxd2 22. Rdxd2 Rxe2 23. Rxe2 Re8 24. Rxe8 Nxe8 25. Ne4 Kg7 26. c4 f5 27. Nd2 Kg6
28. f4 Bg7 29. fxg5 hxg5 30. b3 Be5 31. Nf3 Bxh2+ 32. Kxh2 Nf6 33. Kg1 g4 34.
hxg4 fxg4 35. Nd2 Kf5 36. g3 Ne4 37. Nxe4 Kxe4 38. Kf2 b5 39. Ke2 bxc4 40. bxc4
Kd4 41. a4 a5 42. Kf2 Kxc4 43. Ke3 Kxd5 44. Kf4 c4 45. Ke3 Ke5 46. Kd2 d5 47.
Kc3 Ke4 48. Kd2 d4 {White resigns} 0-1